noty, neutral male human Tourist ----+- |....| ---------- .....| |.............| - -........| |....| |..............######|........^| #|......... +..%.| |^............| #..........| #.........| |....| |.............+ |.<...I...| # #---------- ---(-- ---.----------- ---.------- #)# ## # # # # # ##### # ### #%# -|----------- @ # # # |...........| T ### ----.--- |...........| ## ##### .......| |.........>.| -|-------### |......| |..........{| |.........-## |......| ------------- |.........|#% |..(...| |........%|####################%####%-......| |.........-# --+----- ---------|- noty the Peregrinator Experience level: 10 Strength: 18 Dexterity: 16 Constitution: 17 Intelligence: 13 Wisdom: 11 Charisma: 13 Health: 0(64) Energy: 36(36) Def: 14 Gold: 161 Moves: 19858 Dungeon seed: ut4enei-F4ZOcqu6 Game ID: noty_1468102170 Your Inventory: Coins $ - 161 gold pieces Weapons a - 3 +2 darts (in quiver) O - a cursed corroded +0 katana (weapon in hand) Armor n - an uncursed +0 mummy wrapping r - an uncursed burnt +0 pair of leather gloves (being worn) y - an uncursed rusty +0 pair of iron shoes (being worn) C - a cursed -3 orcish helm E - an uncursed +0 orcish shield (being worn) F - an uncursed +0 orcish helm (being worn) H - an uncursed +0 dwarvish mithril-coat (being worn) K - a blessed +2 alchemy smock (being worn) Comestibles i - an uncursed food ration L - 2 uncursed lizard corpses Scrolls j - an uncursed scroll of identify s - a cursed scroll of teleportation A - a blessed scroll of enchant weapon I - an uncursed scroll of enchant weapon N - a cursed scroll of enchant armor Potions v - a blessed potion of invisibility G - an uncursed potion of paralysis J - an uncursed potion of fruit juice M - an uncursed potion of healing P - an uncursed potion of gain level R - a blessed potion of confusion U - an uncursed potion of sleeping Rings b - an uncursed ring of teleport control c - a cursed ring of polymorph g - an uncursed ring of levitation l - an uncursed ring of warning u - an uncursed +0 ring of increase damage S - a blessed +6 ring of increase accuracy T - an uncursed ring of slow digestion W - a cursed ring of sustain ability Wands d - a wand of digging (0:5) V - a wand of locking (0:7) X - a cursed wand of teleportation (0:4) Tools k - an uncursed skeleton key m - an expensive camera (0:77) o - an uncursed tin opener p - an uncursed blindfold q - an uncursed bag of holding w - 2 cursed tallow candles (0:200) x - a can of grease (0:5) Gems z - an uncursed worthless piece of blue glass D - an uncursed luckstone Contents of the bag of holding: 4573 gold pieces a greased corroded +0 dwarvish mattock an uncursed scroll of confuse monster 2 uncursed scrolls of earth a cursed scroll of earth a blessed scroll of enchant armor a cursed scroll of identify a blessed scroll of magic mapping 3 uncursed scrolls of magic mapping an uncursed scroll of punishment an uncursed scroll of remove curse 2 uncursed scrolls of teleportation a cursed scroll of teleportation an uncursed spellbook of detect monsters an uncursed spellbook of healing an uncursed spellbook of magic missile a blessed potion of extra healing 2 uncursed potions of extra healing a cursed potion of full healing an uncursed potion of gain ability an uncursed potion of hallucination a cursed potion of hallucination a cursed potion of levitation an uncursed potion of monster detection a blessed potion of object detection 2 uncursed potions of object detection an uncursed potion of see invisible a potion of unholy water a wand of create monster (0:10) a wand of digging (0:4) a cursed wand of light (0:14) a wand of sleep (0:7) a wand of sleep named s/d (0:0) a wand of speed monster (0:6) a cursed wand of speed monster (0:4) a wand of striking (0:4) a wand of teleportation (0:6) a cursed wand of teleportation (0:5) Spells and supernatural/magical abilities: Name Level Category Fail Memory h - healing 1 healing 100% 28% l - light 1 divination 100% 52% n - detect monsters 1 divination 100% 12% W - pray for help -- divine ? -- Your skills at the end: Fighting Skills wands [Basic] Weapon Skills pick-axe [Basic] long sword [Basic] dart [Basic] Spellcasting Skills Final Attributes: You were piously aligned. You were fire resistant. You were cold resistant. You were poison resistant. You were acid resistant. You were telepathic. You had automatic searching. You were protected. You were extremely lucky. You had extra luck. Bad luck did not time out for you. Good luck did not time out for you. You are dead. Vanquished creatures: a ghost 4 giant mimics a couatl 4 wargs 4 small mimics a quantum mechanic a gelatinous cube a large dog a shocking sphere a large cat a dwarf king a tengu 2 red nagas 3 wraiths an ettin zombie 2 leather golems a chameleon a giant beetle 2 quivering blobs 3 cockatrices 5 wolves 4 winter wolf cubs a spotted jelly 7 leprechauns an iron piercer a mumak 4 giant spiders 2 horses 3 black lights a vampire bat 2 gnome kings an orc mummy a dwarf mummy 2 ogres 2 rust monsters 5 owlbears 2 yetis a Green-elf 2 lizards 2 dogs a dingo 2 jaguars 2 blue jellies a dust vortex a raven 2 plains centaurs 2 gnome mummies 3 snakes an ape 10 human zombies a rope golem a Woodland-elf 6 soldier ants 6 fire ants a bugbear 2 imps a quasit 2 wood nymphs 2 water nymphs a mountain nymph 13 Mordor orcs 2 Uruk-hai an orc shaman 5 rock piercers 2 rock moles a pony 4 yellow lights a shrieker 2 violet fungi 7 gnome lords 5 gnomish wizards 3 kobold mummies 2 red naga hatchlings a black naga hatchling a golden naga hatchling 3 gray oozes a barrow wight 8 elf zombies a straw golem 5 giant ants a little dog 5 floating eyes 3 kittens 9 dwarves 2 homunculi a kobold lord 4 hill orcs 2 rothes 2 rabid rats a centipede 3 giant bats 5 orc zombies 4 dwarf zombies 3 wererats a werejackal 5 iguanas 22 killer bees 4 acid blobs 8 coyotes 5 gas spores 4 hobbits 24 manes 4 large kobolds 5 hobgoblins 6 giant rats 9 cave spiders 2 brown molds 4 yellow molds a green mold 4 red molds 32 gnomes 3 gnome zombies 9 geckos 6 jackals 4 foxes 3 kobolds 7 goblins 2 sewer rats 12 grid bugs 2 bats 4 lichens 3 kobold zombies 9 newts 450 creatures vanquished. Genocided species: elf mummies 1 species genocided. Voluntary challenges: You had been an atheist until turn 2041. You used a wielded weapon 1060 times, starting on turn 1271. You read items or engraved 2568 times, starting on turn 1139. You genocided 1 type of monster, starting on turn 0. You never polymorphed an object. You never changed form. You used no wishes. You never split a pudding. You wrote Elbereth's name 2495 times, starting on turn 1599. You violated your moral code, losing 76 points of alignment, starting on turn 2491. Dungeon overview: The Dungeons of Doom: levels 1 to 16 Level 1 a long staircase Level 2 a fountain Level 3 a weapon shop stairs to The Gnomish Mines Level 4 a fountain Level 5 a general store, a fountain Level 6 Level 7 many fountains Level 8 a fountain stairs to Sokoban Level 9 an altar to Offler Level 10 Level 11 a fountain Level 12 Level 13 Level 14 a general store Level 15 <- You were here a fountain Level 16 The Gnomish Mines: levels 4 to 8 Level 4 stairs to The Dungeons of Doom Level 5 Level 6 Level 7 many shops, a temple to The Lady, some fountains Level 8 Sokoban: levels 4 to 7 Level 4 Level 5 Level 6 Level 7 stairs to The Dungeons of Doom History has recorded: On T:1 you entered the Dungeons of Doom to retrieve the Amulet of Yendor! On T:123 you reached level 2 of The Dungeons of Doom. On T:434 you advanced to experience level 2. On T:572 you reached level 3 of The Dungeons of Doom. On T:606 you reached level 4 of The Dungeons of Doom. On T:877 you reached level 1 of The Gnomish Mines. On T:971 you advanced to experience level 3. On T:1080 you reached level 2 of The Gnomish Mines. On T:1130 you advanced to experience level 4. On T:1305 you reached level 3 of The Gnomish Mines. On T:1426 you reached level 4 of The Gnomish Mines. On T:2087 you advanced to experience level 5. On T:2649 you received Giantslayer from The Lady. On T:2841 you advanced to experience level 6. On T:3286 you reached level 5 of The Dungeons of Doom. On T:3857 you reached level 6 of The Dungeons of Doom. On T:4002 you reached level 7 of The Dungeons of Doom. On T:4302 you advanced to experience level 7. On T:4719 you reached level 8 of The Dungeons of Doom. On T:4770 you reached level 9 of The Dungeons of Doom. On T:5373 you reached level 10 of The Dungeons of Doom. On T:5678 you advanced to experience level 8. On T:8198 you received Trollsbane from The Lady. On T:9054 you received Ogresmasher from The Lady. On T:10112 you advanced to experience level 9. On T:10220 you reached level 5 of The Gnomish Mines. On T:11775 you reached level 4 of Sokoban. On T:12436 you reached level 3 of Sokoban. On T:13285 you reached level 2 of Sokoban. On T:13781 you reached level 1 of Sokoban. On T:15700 you reached level 11 of The Dungeons of Doom. On T:16230 you advanced to experience level 10. On T:16248 you reached level 13 of The Dungeons of Doom. On T:16460 you reached level 12 of The Dungeons of Doom. On T:18684 you reached level 15 of The Dungeons of Doom. On T:18816 you reached level 16 of The Dungeons of Doom. Score breakdown: Gold: 4386 (12389 points) Experience: 10 levels (16712 points) Exploration: 16 levels ( 33.33%) (16947 points) Discoveries: 21 items ( 6.98%) ( 7924 points) Valuables value: (no points given unless you survive) Artifact value: 0 ( 0 points) Variety of kills: 123 monsters ( 32.11%) (17000 points) Turncount: 19858 turns (-3392 points) Survival: died (score multiplied by 80%) Total score: 54064 Latest messages: The imp hits! You kill the imp! The ape snarls. (4x) You write in the dust with your fingers. You add to the writing in the dust with your fingers. (11x) The water elemental hits! You hit the water elemental! (2x) The water elemental hits! You write in the dust with your fingers. The water elemental turns to flee! You add to the writing in the dust with your fingers. (10x) The troll turns to flee! The troll wields a crude dagger! The troll hits! The troll just misses! You add to the writing in the dust with your fingers. The troll thrusts his crude dagger at the tourist. The troll hits! (2x) The troll bites! You die... For some reason, you think that you can almost hear the Wizard laugh manically... Final status: Aloha noty the Tourist, killed by a troll... You died in The Dungeons of Doom on dungeon level 15 with 54064 points, and 4734 pieces of gold, after 19858 moves. You were level 10 with a maximum of 64 hit points when you died.